Cogmind - Beta 15 @@@ ROGUE MODE // 2025.07.10 @ 21:03:50 Player: Dingot Result: Destroyed by Y-54 Guardian with Gatling Laser Performance ------------- Evolutions (4) 2000 Regions Visited (6) 1200 Robots Destroyed (0) 0 Value Destroyed (0) 0 Prototype IDs (0) 0 Alien Tech Used (0) 0 Bonus (1825) 1825 TOTAL SCORE: 5025 Bonus ------- Pacifist 1325 Entered DSFs 500 Cogmind --------- Core Integrity 0/850 Matter 219/300 Energy 99/100 System Corruption 0% Temperature Cool (6) Movement Core (50) Location -6/Factory Parts ------- > --- POWER (1) -------- (None) > --- PROPULSION (2) --- (None) > --- UTILITY (10) ----- (None) > --- WEAPON (2) ------- (None) > --- INVENTORY (5) ---- Improved Light Armor Plating Improved Light Armor Plating Improved Light Armor Plating Peak State ------------ > --- POWER ------------ (None) > --- PROPULSION ------- Surge Thruster Nuclear Pulse Thruster > --- UTILITY ---------- (None) > --- WEAPON ----------- (None) > --- INVENTORY -------- Surge Thruster Improved Light Armor Plating Improved Light Armor Plating Improved Light Armor Plating [Rating: 9] Favorites ----------- Power None Propulsion Nuclear Pulse Thruster Flight Unit Nuclear Pulse Thruster Utility Improved Light Armor Plating Protection Improved Light Armor Plating Weapon None Build | -11 -10 -9 -8 -7 -7 -6 ------- Run | Yrd Mat Mat Mat Fac DSF Fac Slots Evolved 8 | . . 2 2 2 . 2 Power . | . . . . . . . Propulsion . | . . . . . . . Utility 8 | . . 2 2 2 . 2 Weapon . | . . . . . . . Parts Attached 4 | . . . . 1 . 3 Power . | . . . . . . . Engine . | . . . . . . . Core . | . . . . . . . Reactor . | . . . . . . . Propulsion 3 | . . . . . . 3 Treads . | . . . . . . . Leg . | . . . . . . . Wheel . | . . . . . . . Hover . | . . . . . . . Flight 3 | . . . . . . 3 Utility 1 | . . . . 1 . . Device . | . . . . . . . Storage . | . . . . . . . Processor . | . . . . . . . Hackware . | . . . . . . . Protection 1 | . . . . 1 . . Artifact . | . . . . . . . Weapon . | . . . . . . . Energy Gun . | . . . . . . . Energy Cannon . | . . . . . . . Ballistic Gun . | . . . . . . . Ballistic Cannon . | . . . . . . . Launcher . | . . . . . . . Special Weapon . | . . . . . . . Impact Weapon . | . . . . . . . Slashing Weapon . | . . . . . . . Piercing Weapon . | . . . . . . . Special Melee Weapon . | . . . . . . . Unidentified Prototypes . | . . . . . . . Parts Lost 2 | . . . . . 1 1 Power . | . . . . . . . Propulsion 1 | . . . . . . 1 Utility 1 | . . . . . 1 . Weapon . | . . . . . . . Highest Loss Streak 1 | . . . . . 1 1 To Critical Strikes . | . . . . . . . Average Backups 2 | . . . . 2 4 4 Power . | . . . . . . . Propulsion . | . . . . . 1 1 Utility 1 | . . . . 2 3 3 Weapon . | . . . . . . . Tool/Special . | . . . . . . . Unused Backups 3 | . . . . . . 3 Power . | . . . . . . . Propulsion . | . . . . . . . Utility 3 | . . . . . . 3 Weapon . | . . . . . . . Tool/Special . | . . . . . . . Average Slot Usage (%) 1 | . . . . 3 2 2 Peak Build Rating 9 | . . . . 3 3 9 Average Rating 1 | . . . . 1 1 2 On Entrance . | . . . . . 3 1 Naked Turns 325 | . 28 68 84 8 64 73 Heaviest Build 3 | . . . . 3 3 . Greatest Support 9 | 3 3 3 3 3 3 9 Greatest Overweight (x) . | . . . . . . . Average Overweight (x) . | . . . . . . . Largest Inventory Capacity 5 | 5 5 5 5 5 5 5 Average Capacity 5 | 5 5 5 5 5 5 5 Most Carried 5 | . . . 1 3 5 5 Average Carried 2 | . . . . 2 4 4 Final Capacity 5 | 5 5 5 5 5 5 5 Final Carried 5 | . . . 1 3 5 3 Class Distribution -------------------- 100% | Mutant Dominant Class ---------------- Mutant | -10/Materials Mutant | -9/Materials Mutant | -8/Materials Mutant | -7/Factory Mutant | -7/DSF Mutant | -6/Factory Resources | -11 -10 -9 -8 -7 -7 -6 ----------- Run | Yrd Mat Mat Mat Fac DSF Fac Matter Collected 126 | 80 . . . . 46 . Remotely . | . . . . . . . Salvage Created . | . . . . . . . Parts . | . . . . . . . Haulers Intercepted . | . . . . . . . Recyclers Shooed . | . . . . . . . Parts Field Recycled . | . . . . . . . Retrieved Matter . | . . . . . . . Parts Self-Destructed . | . . . . . . . Prevented . | . . . . . . . Kills | -11 -10 -9 -8 -7 -7 -6 ------- Run | Yrd Mat Mat Mat Fac DSF Fac Combat Hostiles Destroyed . | . . . . . . . Classes Destroyed . | . . . . . . . Best Kill Streak . | . . . . . . . Combat Bots Only . | . . . . . . . Max Kills in Single Turn . | . . . . . . . Gunslinging . | . . . . . . . Exploded . | . . . . . . . Melee . | . . . . . . . Uniques/NPCs Destroyed . | . . . . . . . Combat | -11 -10 -9 -8 -7 -7 -6 -------- Run | Yrd Mat Mat Mat Fac DSF Fac Hostile Shots Fired 273 | . . 54 36 . 91 92 Missed 126 | . . 26 19 . 35 46 Hits 147 | . . 28 17 . 56 46 Melee 13 | . . . . . 3 10 Projectile 134 | . . 28 17 . 53 36 AOE 2 | . . . . . . 2 Critical Strikes 5 | . . . 1 . . 4 Damage Taken 2259 | . . 248 252 . 800 959 Core 1970 | . . 248 252 . 619 851 Absorbed by Shields 132 | . . . . . 132 . Core Remaining (%) 60 | 100 100 38 54 . 11 . Volleys Fired . | . . . . . . . Largest . | . . . . . . . Hottest . | . . . . . . . Shots Fired . | . . . . . . . Gun . | . . . . . . . Cannon . | . . . . . . . Launcher . | . . . . . . . Special . | . . . . . . . Kinetic . | . . . . . . . Thermal . | . . . . . . . Explosive . | . . . . . . . Electromagnetic . | . . . . . . . Robot Hit Streak . | . . . . . . . Robot Miss Streak . | . . . . . . . Penetration Max . | . . . . . . . Secondary Targets . | . . . . . . . Shots Hit Robots . | . . . . . . . Core Hits . | . . . . . . . Critical Kills . | . . . . . . . Critical Parts Destroyed . | . . . . . . . Critical Strikes . | . . . . . . . Melee Attacks . | . . . . . . . Impact . | . . . . . . . Slashing . | . . . . . . . Piercing . | . . . . . . . Sneak Attacks . | . . . . . . . Combat Hostiles . | . . . . . . . Follow-up Attacks . | . . . . . . . Damage Inflicted 43 | . . 38 . . . 5 Guns . | . . . . . . . Cannons . | . . . . . . . Explosions . | . . . . . . . Melee . | . . . . . . . Ramming 43 | . . 38 . . . 5 Kinetic . | . . . . . . . Thermal . | . . . . . . . Explosive . | . . . . . . . Electromagnetic . | . . . . . . . Impact . | . . . . . . . Slashing . | . . . . . . . Piercing . | . . . . . . . Highest Corruption . | . . . . . . . Average Corruption . | . . . . . . . Corruption Purged . | . . . . . . . Corruption Blocked . | . . . . . . . Overload Shots . | . . . . . . . Overflow Damage . | . . . . . . . Projectiles . | . . . . . . . Explosions . | . . . . . . . Melee . | . . . . . . . Knockbacks 1 | . . 1 . . . . Impact 1 | . . 1 . . . . Kinetic . | . . . . . . . Secondary . | . . . . . . . Self-Inflicted Damage 19 | . . 17 . . . 2 Shots . | . . . . . . . Rammed 9 | . . 8 . . . 1 Targets Rammed 9 | . . 8 . . . 1 Kicked . | . . . . . . . Crushed . | . . . . . . . Highest Temperature 23 | . . . 23 . . . Average Temperature 23 | . . . 23 . . . Received Heat Transfer 135 | . . . 117 . . 18 Siege Activations . | . . . . . . . Martial Activations . | . . . . . . . Shielding Activations . | . . . . . . . Robots Disrupted . | . . . . . . . Combat Hostiles . | . . . . . . . Robots Corrupted . | . . . . . . . Combat Hostiles . | . . . . . . . Parts Fried . | . . . . . . . Impact Corruptions . | . . . . . . . Robots Melted . | . . . . . . . Combat Hostiles . | . . . . . . . Parts Melted . | . . . . . . . Heat Transferred . | . . . . . . . Parts Sabotaged . | . . . . . . . Parts Stolen . | . . . . . . . Parts Stripped . | . . . . . . . Power Chain Reactions . | . . . . . . . Alert | -11 -10 -9 -8 -7 -7 -6 ------- Run | Yrd Mat Mat Mat Fac DSF Fac Maximum Alert Level . | . . . . . . . Low Security (%) 100 | 100 100 100 100 100 100 100 Level 1 . | . . . . . . . Level 2 . | . . . . . . . Level 3 . | . . . . . . . Level 4 . | . . . . . . . Level 5 . | . . . . . . . High Security . | . . . . . . . Max Security . | . . . . . . . Peak Influence 44 | . . 5 15 . 15 44 Initial 7 | . . . . . . 7 Average 5 | . . 1 3 . 6 13 Influence Increases 119 | . . 15 15 . 15 74 Successful Hack 14 | . . . . . . 14 Partial Spotted 30 | . . 15 15 . . . Lose Combat Pursuer 75 | . . . . . 15 60 Influence Decreases 85 | . . 15 15 . . 55 Entered New Map 8 | . . . . . . 8 Time Decay 77 | . . 15 15 . . 47 Squads Dispatched 7 | . 1 . 4 . 1 1 Investigation 2 | . . . 2 . . . Extermination . | . . . . . . . Reinforcement 5 | . 1 . 2 . 1 1 Assault . | . . . . . . . Garrison . | . . . . . . . Intercept . | . . . . . . . Searches Triggered . | . . . . . . . Construction Impeded . | . . . . . . . Haulers Reinforced . | . . . . . . . Active Scanning Responses . | . . . . . . . Cargo Convoy Interrupts . | . . . . . . . Stealth | -11 -10 -9 -8 -7 -7 -6 --------- Run | Yrd Mat Mat Mat Fac DSF Fac Distress Signals 3 | . 1 1 1 . . . Communications Jammed . | . . . . . . . Distress Signals . | . . . . . . . Times Spotted 36 | . 3 7 11 . 6 9 Peak Tracking Total 13 | . 2 7 13 . 5 6 Tactical Retreats 3 | . . . . . 1 2 Traps | -11 -10 -9 -8 -7 -7 -6 ------- Run | Yrd Mat Mat Mat Fac DSF Fac Traps Triggered 4 | . . . 1 . 3 . Indirectly . | . . . . . . . Trap Hack Attempts . | . . . . . . . Triggered . | . . . . . . . Disarmed . | . . . . . . . Reprogrammed . | . . . . . . . Reused . | . . . . . . . Traps Extracted . | . . . . . . . Installed . | . . . . . . . Triggered . | . . . . . . . Machines | -11 -10 -9 -8 -7 -7 -6 ---------- Run | Yrd Mat Mat Mat Fac DSF Fac Machines Disabled . | . . . . . . . Max in Single Turn . | . . . . . . . Machines Repaired . | . . . . . . . Machines Dismantled . | . . . . . . . Machines Sabotaged . | . . . . . . . Overloaded Fab Kills . | . . . . . . . Hacking | -11 -10 -9 -8 -7 -7 -6 --------- Run | Yrd Mat Mat Mat Fac DSF Fac Machines Accessed 6 | . 1 1 1 1 . 2 Terminals 6 | . 1 1 1 1 . 2 Fabricators . | . . . . . . . Repair Stations . | . . . . . . . Recycling Units . | . . . . . . . Scanalyzers . | . . . . . . . Garrison Access . | . . . . . . . Total Hacks 13 | . 2 3 2 2 . 4 Successful 4 | . . 1 . 1 . 2 Failed 9 | . 2 2 2 1 . 2 Catastrophic 5 | . 1 2 2 . . . Database Lockouts . | . . . . . . . Manual 7 | . 2 2 2 . . 1 Terminals 13 | . 2 3 2 2 . 4 Fabricators . | . . . . . . . Repair Stations . | . . . . . . . Recycling Units . | . . . . . . . Scanalyzers . | . . . . . . . Garrison Access . | . . . . . . . Terminal Hacks 4 | . . 1 . 1 . 2 Record 1 | . . 1 . . . . Open DSF 2 | . . . . 1 . 1 Level Access Points 1 | . . . . . . 1 Fabricator Hacks . | . . . . . . . Repair Station Hacks . | . . . . . . . Recycling Unit Hacks . | . . . . . . . Scanalyzer . | . . . . . . . Garrison Access Hacks . | . . . . . . . Unauthorized Hacks . | . . . . . . . Terminals . | . . . . . . . Fabricators . | . . . . . . . Repair Stations . | . . . . . . . Recycling Units . | . . . . . . . Scanalyzers . | . . . . . . . Garrison Access . | . . . . . . . Data Cores Recovered . | . . . . . . . Used . | . . . . . . . Hacking Detections 5 | . 1 1 1 1 . 1 Full Trace Events 3 | . 1 1 1 . . . Feedback Events . | . . . . . . . Feedback Blocked . | . . . . . . . Robot Schematics Acquired . | . . . . . . . Robots Built . | . . . . . . . Authchips . | . . . . . . . Time . | . . . . . . . Total Robot Build Rating . | . . . . . . . Part Schematics Acquired . | . . . . . . . Parts Built . | . . . . . . . Authchips . | . . . . . . . Time . | . . . . . . . Total Part Build Rating . | . . . . . . . Parts Repaired . | . . . . . . . Time . | . . . . . . . Parts Recycled . | . . . . . . . Recycled Matter . | . . . . . . . Retrieved Matter . | . . . . . . . Retrieved Components . | . . . . . . . Parts Scanalyzed . | . . . . . . . Part Schematics Acquired . | . . . . . . . Parts Damaged . | . . . . . . . Bothacking | -11 -10 -9 -8 -7 -7 -6 ------------ Run | Yrd Mat Mat Mat Fac DSF Fac Used RIF Installer . | . . . . . . . Robots Hacked . | . . . . . . . Non-combat . | . . . . . . . Combat . | . . . . . . . Robot Hacks Applied . | . . . . . . . Relay Couplers Released . | . . . . . . . Fabnet Peak Effective % . | . . . . . . . Robots Rewired . | . . . . . . . Allies Hacked . | . . . . . . . Hacks Repelled . | . . . . . . . Allies | -11 -10 -9 -8 -7 -7 -6 -------- Run | Yrd Mat Mat Mat Fac DSF Fac Total Allies . | . . . . . . . Largest Group . | . . . . . . . Highest-Rated Group . | . . . . . . . Highest-Rated Ally . | . . . . . . . Total Orders . | . . . . . . . Ally Attacks . | . . . . . . . Total Damage . | . . . . . . . Kills . | . . . . . . . Allies Corrupted . | . . . . . . . Allies Melted . | . . . . . . . Intel | -11 -10 -9 -8 -7 -7 -6 ------- Run | Yrd Mat Mat Mat Fac DSF Fac Active Infowar (turns) . | . . . . . . . Robot Analysis Total . | . . . . . . . Derelict Logs Recovered . | . . . . . . . Drone Launches . | . . . . . . . Drone Recoveries . | . . . . . . . Exploration | -11 -10 -9 -8 -7 -7 -6 ------------- Run | Yrd Mat Mat Mat Fac DSF Fac Turns Passed 407 | 9 28 68 84 16 94 108 Spaces Moved 676 | 18 55 112 166 23 81 221 Core 597 | 18 55 112 166 23 81 142 Treads . | . . . . . . . Legs . | . . . . . . . Wheels . | . . . . . . . Hover . | . . . . . . . Flight 79 | . . . . . . 79 Fastest Speed 32 | 50 50 50 50 50 50 32 Average Speed 48 | 50 50 50 50 50 50 45 Slowest Speed 50 | 50 50 50 50 50 50 50 Overloaded Moves . | . . . . . . . Propulsion Burnouts . | . . . . . . . Robots Hopped . | . . . . . . . Potential Cave-ins . | . . . . . . . Cave-ins Triggered . | . . . . . . . Exploration Rate (%) 21 | 4 14 20 25 1 75 8 Regions Visited 6 Branch Regions . Pre-discovered Areas . | . . . . . . . Known Exits Taken 1 | . . . . 1 . . Unknown Exits Taken 4 | 1 1 1 1 . . . Scrap Searched . | . . . . . . . Spaces Dug . | . . . . . . . Terrain Destroyed . | . . . . . . . Melee . | . . . . . . . Projectile . | . . . . . . . AOE . | . . . . . . . Terrain Rammed . | . . . . . . . Walls Destroyed . | . . . . . . . Machines Disabled . | . . . . . . . Actions | -11 -10 -9 -8 -7 -7 -6 --------- Run | Yrd Mat Mat Mat Fac DSF Fac Total 745 | 17 54 123 166 26 133 226 Wait 31 | . . 4 . . 27 . Move 670 | 17 54 111 165 22 80 221 Hop . | . . . . . . . Pick Up 6 | . . . 1 3 2 . Fast Attach 1 | . . . . . . 1 Attach 3 | . . . . 1 . 2 Detach . | . . . . . . . Swap 1 | . . . . . . 1 Drop . | . . . . . . . Fire . | . . . . . . . Melee . | . . . . . . . Ram 9 | . . 8 . . . 1 Kick . | . . . . . . . Crush . | . . . . . . . Escape Stasis 24 | . . . . . 24 . Rewire . | . . . . . . . Trap . | . . . . . . . Miscellaneous . | . . . . . . . Route ------- -11/Scrapyard -10/Materials -9/Materials -8/Materials -7/Factory -7/DSF -6/Factory (discovered 4 exits: *Fac x4) History --------- Turn | Location | Event 4 | -11/Scrapyard | Discovered new exit (range 13) 10 | -11/Scrapyard | Entered Materials 33 | -10/Materials | Discovered new exit (range 10) 38 | -10/Materials | Entered another Materials area 38 | -9/Materials | Evolved 2 slots: Utility x2 93 | -9/Materials | Core integrity fell below 50% 104 | -9/Materials | Discovered new exit (range 6) 106 | -9/Materials | Entered another Materials area 106 | -8/Materials | Evolved 2 slots: Utility x2 185 | -8/Materials | Discovered new exit (range 11) 190 | -8/Materials | Entered Factory 190 | -7/Factory | Evolved 2 slots: Utility x2 205 | -7/Factory | Identified exit to DSF 206 | -7/Factory | Entered DSF 225 | -7/DSF | Additional patrols routed to DSF 254 | -7/DSF | Core integrity fell below 50% 254 | -7/DSF | Discovered new exit (range 12) 300 | -7/DSF | Core integrity fell below 20% 300 | -7/DSF | Entered Factory 300 | -6/Factory | Evolved 2 slots: Utility x2 314 | -6/Factory | Build established: Mutant 360 | -6/Factory | Core integrity fell below 50% 391 | -6/Factory | Core integrity fell below 20% 398 | -6/Factory | Identified exit to Factory 408 | -6/Factory | Destroyed by Y-54 Guardian with Gatling Laser Last Messages --------------- 00361_ Knocked back. 00363_ Slug penetrates Wall. 00365_ Knocked back. 00367_ Surge Thruster destroyed. 00370_ Knocked back. 00370_ U-05 Engineer lays Concrete. 00370_ Knocked back. 00371_ U-05 Engineer lays Concrete. 00371_ Surge Thruster severed. 00390_ Nuclear Pulse Thruster severed. 00398_ Connecting with Terminal... >>Access(Main) Found 4 level access points to Factory: (8,68) (193,92) (180,163) (105,130) Map updated. 00405_ K-01 Serf destroyed. 00405_ K-01 Serf collects debris. Map ----- +----------------------------------------------------+ | ?????????????????????????????????????????????????? | | ?????????????????????????????????????????????????? | | ?????????????????????????????????????????????????? | | ?????????????????????????????????????????????????? | | ?????????????????????????????????????????????????? | | ?????????????????????????????????????????????????? | | ?????????????????????????????????????????????????? | | ?????????????????????????????????????????????????? | | ?????????????????????????????????????????????????? | | ?????????????????????????????????????????????????? | | ?????????????????????????????????????????????????? | | ?????????????????????????????????????????????????? | | ?????????????????????????########????????????????? | | ????????????????????????? ???????????????? | | ????????????????????????? ????????????????? | | ????????????????????????# ?????????H???????? | | ????????????????????????# ?????????????????? | | ????????????????????????# ??????????????????? | | ??????????????????? ????# #??????????????????? | | ?????????????????? ? ## ##?????????????????? | | ??????????????????! ? # #?????????????????? | | ????????????????#? ? # #?????????????????? | | ????????????????#!!! ? # #?????????????????? | | ????????????????#!?! " # kY #?????????????????? | | ????????????????#!!! " # #?????????????????? | | ????????????????# " # @ ! #?????????????????? | | ????????????????# " # c*%! %#?????????????????? | | ????????????????# ### = ###?????????????????? | | ????????????????? #?# #???????????????????? | | ?????????????????? #?# +???????????????????? | | ????????###+###???? #?# #???????????????????? | | ????????# #######/#### k #???????????????????? | | ?????#### #???????????????????? | | ?????+ T +???????????????????? | | ?????#### #???????????????????? | | ????????# * ############ ##???????????????????? | | ????????### ###??????????# #????????????????????? | | ??????????# #######??????# #????????????????????? | | ??????????# # ! ??????# #????????????????????? | | ??????????# # ??????# #????????????????????? | | ??????????# # ??????? #????????????????????? | | #+######### # """" ??????? #????????????????????? | | # """" "?????? #????????????????????? | | # """" "?????? #????????????????????? | | + """" "?????? #????????????????????? | | #="""" "?????? #????????????????????? | | + """" "?????? #????????????????????? | | # """" "?????????????????????????????? | | # ????????????????????????????? | | # ???????????????????????????? | +----------------------------------------------------+ Best States ------------- Heat Dissipation 37 Energy Generation 5 Energy Capacity 100 Matter Stores 254 Matter Capacity 300 Sight Range 16 Terrain Scan Density 10 Armor Coverage 150 Evasion (%) 62 Item Schematics ----------------- None Robot Schematics ------------------ None Fabricated ------------ Nothing Repaired ---------- Nothing Alien Tech Used ----------------- None Achievements -------------- None Challenges ------------ None Game ------ Seed StormDeflectorTriangulator Manual? 0 Play Time 00:10:50 Cumulative 18.8 hours Start 2025.07.10 @ 20:53:02 End 2025.07.10 @ 21:03:50 Sessions 1 Manual Loads 0 Difficulty Rogue Special Mode None Game No. 26 Rogue 26 Adventurer 0 Explorer 0 Win Type - Total 0 Types 0/0/0/0/0/0/0/0/0/0 Lore% 17 Gallery% 18 Achievement% 24 Wizard Run 0 Options --------- Layout 1 ASCII 0 Keyboard 0 Movement Mouse Keybinds 0 Fullscreen 1 Font 24/Smallcaps Map View 50x35 Zoom Use 0% Tactical HUD 1 Map Filters NONE Filters NONE Steam 1 RUN: 6ddd100f-de48-4f72-904c-ebc4a5fda932